 Dungeon Crawl Stone Soup version 0.25.0-9-g26727b657a (webtiles) character file.

Game seed: 17754630080537415252

24897 Froggeryz the Grappler (level 13, -9/80 HPs)
             Began as a Gargoyle Transmuter on June 21, 2020.
             Was the Champion of Cheibriados.
             Mangled by a death yak simulacrum (35 damage)
             ... in an ice cave.
             The game lasted 00:22:13 (14958 turns).

Froggeryz the Grappler (Gargoyle Transmuter)       Turns: 14958, Time: 00:22:13

Health: -9/80      AC: 30    Str: 39    XL:     13   Next: 16%
Magic:  20/20      EV: 15    Int: 30    God:    Cheibriados [******]
Gold:   736        SH:  0    Dex: 25    Spells: 15/16 levels left

rFire    . . .     SeeInvis .     - Unarmed
rCold    . . .     Gourm    .   (no shield)
rNeg     + . .     Faith    .   A - +0 crystal plate armour
rPois    ∞         Spirit   .   (no helmet)
rElec    +         Reflect  .   K - +1 cloak
rCorr    .         Harm     .   (no gloves)
MR       .....                  t - +0 pair of boots
Stlth    ..........             (no amulet)
HPRegen  0.23/turn              i - +6 ring of strength
MPRegen  0.17/turn              U - +4 ring of evasion

@: very slow
A: negative energy resistance 1, electricity resistance, unbreathing,
petrification resistance, rot immunity, AC +9
a: Bend Time, Temporal Distortion, Slouch, Step From Time, Renounce Religion


You were in an ice cave.
You worshipped Cheibriados.
Cheibriados was exalted by your worship.
You were hungry.

You visited 3 branches of the dungeon, and saw 16 of its levels.
You also visited: Ice Cave.

You collected 736 gold pieces.

Inventory:

Missiles
 a - 312 arrows
 F - 6 javelins (quivered)
 Q - 6 curare-tipped darts
Armour
 t - a +0 pair of boots (worn)
 A - a +0 crystal plate armour (worn)
 K - a +1 cloak (worn)
 Y - a cursed +0 kite shield
Jewellery
 f - an uncursed ring of resist corrosion
 i - a +6 ring of strength (left hand)
 l - an uncursed ring of protection from fire
 G - an uncursed ring of ice
 U - a +4 ring of evasion (right hand)
 V - an uncursed ring of fire
Wands
 m - a wand of flame (12)
 E - a wand of paralysis (13)
 L - a wand of disintegration (8)
 R - a wand of iceblast (5)
 X - a wand of digging (4)
Scrolls
 b - 3 scrolls of fear
 c - 5 scrolls of remove curse
 h - 16 scrolls of identify
 n - 11 scrolls of teleportation
 p - 2 scrolls of immolation {unknown}
 r - 3 scrolls of amnesia {unknown}
 s - a scroll of fog {unknown}
 v - 2 scrolls of noise {unknown}
 w - 3 scrolls of magic mapping
 x - 2 scrolls of summoning {unknown}
 y - 3 scrolls of enchant armour
 C - 2 scrolls of acquirement {unknown}
 D - a scroll of random uselessness {unknown}
 J - a scroll of blinking
 N - a scroll of enchant weapon {unknown}
 P - a scroll of brand weapon {unknown}
Potions
 e - 4 potions of brilliance {unknown}
 g - 2 potions of degeneration {unknown}
 j - 6 potions of might
 k - 2 potions of heal wounds {unknown}
 o - a potion of flight {unknown}
 q - 5 potions of curing
 u - 2 potions of ambrosia
 z - a potion of cancellation {unknown}
 B - 2 potions of haste {unknown}
 M - 2 potions of stabbing {unknown}
 O - a potion of magic {unknown}
 S - a potion of lignification {unknown}
 W - 2 potions of invisibility {unknown}
Miscellaneous
 H - a phantom mirror
 I - a tin of tremorstones (3/3)
Comestibles
 d - 24 rations
 T - 5 chunks of flesh


   Skills:
 - Level 9.1 Fighting
 - Level 5.3 Armour
 + Level 6.0 Dodging
 - Level 14.3 Unarmed Combat
 - Level 2.0 Spellcasting
 - Level 6.0 Transmutations
 + Level 9.9 Invocations


You had 15 spell levels left.
You knew the following spells:

 Your Spells              Type           Power        Failure   Level  Hunger
a - Beastly Appendage     Tmut           #####.       12%         1    None

Your spell library contained the following spells:

 Spells                   Type           Power        Failure   Level  Hunger
 Sticks to Snakes         Tmut           #####...     19%         2    ##.....
 Spider Form              Tmut/Pois      ###.......   77%         3    ###....
 Summon Small Mammal      Summ           #...         80%         1    None
 Call Imp                 Summ           #.......     91%         2    ##.....
 Blade Hands              Tmut           #####.....   97%         5    ######.
 Call Canine Familiar     Summ           #.......     99%         3    ###....
 Static Discharge         Conj/Air       #.......     99%         3    ###....
 Summon Guardian Golem    Hex/Summ       #.......     99%         3    ###....
 Ice Form                 Ice/Tmut       ###.....     99%         4    ####...
 Summon Ice Beast         Ice/Summ       #.......     100%        4    ####...
 Summon Lightning Spire   Summ/Air       #.......     100%        4    ####...
 Lightning Bolt           Conj/Air       #.........   100%        5    ######.
 Ignition                 Fire           #.........   100%        8    #######
 Shatter                  Erth           #.........   100%        9    #######
 Tornado                  Air            #.........   100%        9    #######


Dungeon Overview and Level Annotations

Branches:
Dungeon (10/15)            Temple (1/1) D:4            Lair (5/6) D:10
 Shoals (0/4) Lair:3       Spider (0/4) Lair:3        IceCv (1/1)
  Slime: Lair:5-6       Orc: D:9-12

Altars:
Ashenzari
Cheibriados
Dithmenos
Elyvilon
Fedhas
Gozag
Hepliaklqana
Kikubaaqudgha
Makhleb
Nemelex Xobeh
Okawaru
Qazlal
Ru
Sif Muna
Trog
Uskayaw
Vehumet
Wu Jian
Xom
Yredelemnul
Zin
The Shining One

Shops:
D:10 %

Annotations:
Lair:2 exclusion: 2 oklob plants


Innate Abilities, Weirdness & Mutations

You are resistant to torment.
Your stone body is resilient. (AC +9)
You are immune to poison.
You resist negative energy. (rN+)
You are resistant to electric shocks. (rElec)
You can survive without breathing.
You are immune to petrification.
You are immune to rotting.


Message History

The death yak simulacrum gores you but does no damage.
Your crystal plate armour prevents you from hitting the swamp dragon simulacrum.
The elephant simulacrum closely misses you.
The elephant simulacrum trunk-slaps you but does no damage.
You hit the swamp dragon simulacrum.
The swamp dragon simulacrum is lightly damaged.
The swamp dragon simulacrum closely misses you.
The swamp dragon simulacrum misses you.
The swamp dragon simulacrum closely misses you.
The death yak simulacrum barely misses you.
You pummel the swamp dragon simulacrum!!
The swamp dragon simulacrum is severely damaged.
The elephant simulacrum tramples you. The elephant simulacrum freezes you!!
The elephant simulacrum trunk-slaps you but does no damage.
The swamp dragon simulacrum closely misses you. x2
The swamp dragon simulacrum tramples you but does no damage.
You completely miss the swamp dragon simulacrum.
The swamp dragon simulacrum is severely damaged.
The death yak simulacrum gores you! The death yak simulacrum freezes you!!
You die...

...##
#...#
##...
#...#
##...##
##.....##
#...∩Z..#
#...ZZZ.#
##..∩@.##
##...##
#####


You could see a death yak simulacrum, 2 elephant simulacra and a swamp dragon
simulacrum.

Vanquished Creatures
  Snorg (Lair:5)
  3 hydras
  2 two-headed ogres
  Sonja (Lair:3)
  An unseen horror (D:10)
  The ghost of Acheron the Chopper, a novice HOMo of Okawaru (D:6)
  Pikel (D:5)
  An orb spider (Lair:3)
  3 elephants (Lair:3)
  A merfolk siren (Lair:3)
  2 spiny frogs
  4 komodo dragons
  2 ice devils (Lair:5)
  A rime drake (Lair:5)
  6 dream sheep (Lair:5)
  5 hippogriffs
  3 blink frogs (Lair:4)
  A wyvern (Lair:4)
  4 hogs (D:7)
  22 yaks
  4 basilisks
  A human (D:7)
  2 vampire mosquitoes (Lair:4)
  Menkaure (D:7)
  An insubstantial wisp (Lair:4)
  7 porcupines
  Duvessa (D:5)
  10 water moccasins
  2 sky beasts
  3 necrophages
  2 ice beasts
  A black bear (D:9)
  4 ogres
  An eye of draining (D:9)
  3 phantoms
  3 wolves (Lair:2)
  2 centaurs
  7 crocodiles
  Blork the orc (D:5)
  11 bullfrogs
  Dowan (D:5)
  2 scorpions
  2 howler monkeys
  4 electric eels (D:5)
  5 wights (D:6)
  6 crimson imps
  A centaur zombie (D:9)
  A jelly (D:5)
  A bullfrog zombie (D:9)
  A bullfrog skeleton (D:8)
  2 centaur skeletons
  6 orc priests
  5 hounds
  4 orc wizards
  Natasha (twice) (D:3)
  9 worker ants
  A killer bee zombie (D:9)
  2 hound zombies
  A worker ant zombie (D:5)
  7 gnolls
  10 adders
  An ooze (D:1)
  An adder skeleton (D:4)
  2 worms
  3 dart slugs
  6 leopard geckos
  15 orcs
  A ball python (D:5)
  2 giant cockroaches
  7 goblins
  4 hobgoblins
  8 jackals
  7 kobolds
  4 quokkas
  5 bats
  3 frilled lizards
  A leopard gecko skeleton (D:8)
  A quokka skeleton (D:4)
  5 rats
  A butterfly (Lair:1)
  A plant (D:10)
283 creatures vanquished.

Vanquished Creatures (others)
  A slave (D:5)
  An ogre (D:5)
  A scorpion (D:5)
  A jelly (D:5)
  2 plants (Lair:2)
6 creatures vanquished.

Grand Total: 289 creatures vanquished

Notes
Turn   | Place    | Note
-------+----------+-------------------------------------------
     0 | D:1      | Froggeryz the Gargoyle Transmuter began the quest for the
                  | Orb.
     0 | D:1      | Reached XP level 1. HP: 12/12 MP: 3/3
   251 | D:1      | Reached XP level 2. HP: 11/16 MP: 5/5
   483 | D:1      | Reached skill level 4 in Unarmed Combat
   511 | D:1      | Reached XP level 3. HP: 17/20 MP: 6/6
   653 | D:2      | Found a faded altar of an unknown god.
   659 | D:2      | Found a sacrificial altar of Ru.
   876 | D:2      | Reached XP level 4. HP: 22/25 MP: 7/7
  1093 | D:2      | Reached skill level 1 in Armour
  1546 | D:2      | Reached skill level 5 in Unarmed Combat
  1708 | D:3      | Reached XP level 5. HP: 29/29 MP: 8/8
  1779 | D:3      | Noticed Natasha
  1795 | D:3      | Killed Natasha
  2205 | D:3      | Noticed Natasha
  2212 | D:3      | Killed Natasha
  3114 | D:3      | Reached skill level 6 in Unarmed Combat
  3114 | D:3      | Reached XP level 6. HP: 13/34 MP: 9/9
  3412 | D:4      | Found a staircase to the Ecumenical Temple.
  3412 | D:4      | Noticed a phantom
  3419 | Temple   | Entered the Ecumenical Temple
  3562 | Temple   | Became a worshipper of Cheibriados the Contemplative
  3619 | Temple   | Killed a phantom
  3937 | D:4      | Reached XP level 7. HP: 22/38 MP: 10/10
  4325 | D:4      | Reached skill level 7 in Unarmed Combat
  4653 | D:5      | Entered Level 5 of the Dungeon
  4670 | D:5      | Noticed Pikel
  4688 | D:5      | Killed Pikel
  4688 | D:5      | Reached skill level 8 in Unarmed Combat
  4688 | D:5      | Reached XP level 8. HP: 42/48 MP: 11/11
  4692 | D:5      | Found a transporter.
  4810 | D:5      | Noticed Blork the orc
  4819 | D:5      | Killed Blork the orc
  4832 | D:5      | Reached * piety under Cheibriados
  4935 | D:5      | Found a transporter.
  5048 | D:5      | Noticed Duvessa
  5048 | D:5      | Noticed Dowan
  5067 | D:5      | Killed Duvessa
  5067 | D:5      | Reached skill level 9 in Unarmed Combat
  5068 | D:5      | Killed Dowan
  5219 | D:5      | Reached skill level 5 in Fighting
  5464 | D:6      | Noticed Acheron's ghost (novice HOMo)
  5478 | D:6      | Reached XP level 9. HP: 47/54 MP: 12/12
  5639 | D:6      | Found a transporter.
  5643 | D:6      | Found a transporter.
  5939 | D:6      | Reached skill level 10 in Unarmed Combat
  6134 | D:7      | Reached ** piety under Cheibriados
  6219 | D:7      | Noticed Menkaure
  6226 | D:7      | Killed Menkaure
  6938 | D:7      | Reached skill level 11 in Unarmed Combat
  7024 | D:7      | Reached XP level 10. HP: 31/59 MP: 13/13
  7745 | D:6      | Killed Acheron's ghost
  7745 | D:6      | Reached skill level 12 in Unarmed Combat
  7861 | D:8      | Reached *** piety under Cheibriados
  7861 | D:8      | Reached skill level 5 in Transmutations
  8009 | D:8      | Found a shattered altar of Ashenzari.
  8561 | D:9      | Got a bloodstained ring mail
  8572 | D:9      | Identified the +2 ring mail of the Merchant {-Tele +Inv
                  | Int+5 Slay-2} (You found it on level 9 of the Dungeon)
  8631 | D:9      | Found a bloodstained altar of Trog.
  8637 | D:9      | Reached **** piety under Cheibriados
  8654 | D:9      | Noticed a two-headed ogre
  8665 | D:9      | Killed a two-headed ogre
  9005 | D:9      | Reached skill level 13 in Unarmed Combat
  9507 | D:10     | Entered Level 10 of the Dungeon
  9522 | D:10     | Found Foytythra's Food Emporium.
  9543 | D:10     | Found a staircase to the Lair.
  9662 | D:10     | Killed an unseen horror
  9662 | D:10     | Reached XP level 11. HP: 59/64 MP: 14/14
  9812 | D:10     | Noticed a two-headed ogre
  9820 | D:10     | Killed a two-headed ogre
  9820 | D:10     | Reached skill level 1 in Invocations
 10154 | D:10     | Reached ***** piety under Cheibriados
 10435 | Lair:1   | Entered Level 1 of the Lair of Beasts
 10447 | Lair:1   | Reached skill level 5 in Armour
 10488 | Lair:1   | Reached skill level 14 in Unarmed Combat
 11130 | Lair:2   | Noticed an oklob plant
 11154 | Lair:2   | Noticed an oklob plant
 11371 | Lair:2   | Noticed a seven-headed hydra
 11378 | Lair:2   | Killed a seven-headed hydra
 11672 | Lair:2   | Found the +4 robe of Augmentation {Str+4 Int+4 Dex+4}
 11949 | Lair:2   | Reached skill level 5 in Invocations
 12269 | Lair:3   | Noticed a five-headed hydra
 12280 | Lair:3   | Killed a five-headed hydra
 12282 | Lair:3   | Reached XP level 12. HP: 62/72 MP: 14/16
 12487 | Lair:3   | Found a hole to the Spider Nest.
 13148 | Lair:3   | Found a staircase to the Shoals.
 13206 | Lair:3   | Noticed Sonja
 13234 | Lair:3   | Killed Sonja
 14117 | Lair:4   | Noticed an eight-headed hydra
 14127 | Lair:4   | Killed an eight-headed hydra
 14726 | Lair:5   | Reached ****** piety under Cheibriados
 14805 | Lair:5   | Reached skill level 5 in Dodging
 14818 | Lair:5   | Reached XP level 13. HP: 76/80 MP: 19/19
 14828 | Lair:5   | Noticed Snorg
 14835 | Lair:5   | Killed Snorg
 14933 | Lair:5   | Found a frozen archway.
 14949 | IceCv    | Entered an ice cave
 14958 | IceCv    | Mangled by a death yak simulacrum

Illustrated notes

Levels and vault maps discovered:
D:1:      minmay_arrival_five_plusses, layout_rooms
D:2:      layout_basic, chequers_ecumenical_altar_island,
          nicolae_ru_sacrificial_ziggurat
D:3:      layout_basic, uniq_natasha
D:4:      layout_basic, minmay_temple_entry_junction_2
D:5:      gammafunk_steamed_eel, layout_loops_ring, first_ration, uniq_duvessa,
          uniq_pikel, uniq_blork_the_orc
D:6:      layout_loops_corners, gammafunk_ghost_arena
D:7:      layout_loops_cross, grunt_livestock, uniq_menkaure
D:8:      layout_loops_ring, lemuel_altar_in_water
D:9:      layout_roguey, trog_eyes_of_draining, minivault_23
D:10:     layout_gridville, dpeg_oklobed_lair, serial_shops, kennysheep_mini
Temple:   regret_index_temple_sigil_plot
Lair:1:   layout_chaotic_city, lemuel_fruit_fields, grunt_megastairs_4
Lair:2:   layout_regular_city, infiniplex_staircase_pool,
          minmay_lair_oklob_chamber, grunt_megastairs_1
Lair:3:   layout_roguey, minmay_shoals_entry_lonely_mermaid,
          nicolae_spider_entry_orb_guardian, uniq_sonja
Lair:4:   layout_roguey, pond
Lair:5:   dragon1_lemuel, layout_hall_layers, slime_altar_1, basic_altar,
          portal_ice_cave_demonic_guard, uniq_snorg
IceCv:    ice_cave_small_necro

Skill      XL: |  1  2  3  4  5  6  7  8  9 10 11 12 13 |
---------------+----------------------------------------+-----
Unarmed Combat | 4 5 6 8 9 11 13 14 | 14.3
Armour         | 1 2 3 4 5 |  5.3
Fighting       | 4 5 7 9 |  9.1
Transmutations | 2 4 6 |  6.0
Invocations    | 5 9 |  9.9
Dodging        | 5 6 |  6.0
Spellcasting   | |  2.0

Action                   |  1- 3 |  4- 6 |  7- 9 | 10-12 | 13-15 || total
-------------------------+-------+-------+-------+-------+-------++-------
Melee: Unarmed           |   107 |   207 |   303 |   656 |    41 ||  1314
       Punch             |     1 |     1 |     8 |    47 |     8 ||    65
Throw: Javelin           |       |       |       |     2 |       ||     2
Evoke: Wand              |       |       |     5 |    13 |     2 ||    20
  Use: Potion            |       |     2 |       |       |       ||     2
       Scroll            |       |       |     7 |     1 |       ||     8
 Stab: Paralysed         |       |       |       |       |     2 ||     2
  Eat: Chunk             |       |    10 |     7 |    10 |       ||    27
       Ration            |       |       |       |     1 |       ||     1
Armor: Robe              |    24 |       |       |       |       ||    24
       Scale mail        |    14 |    95 |   141 |     8 |       ||   258
       Crystal plate arm |       |       |       |   513 |    22 ||   535
Dodge: Dodged            |    49 |    70 |   111 |   213 |    28 ||   471
